 Dungeon Crawl Stone Soup version 0.32-a0-314-g526f7d4993 (webtiles) character file.

Game seed: 5545320759320319147

634 timneilson the Ruffian (level 7, -2/46 HPs)
             Began as an Octopode Shapeshifter on Feb 15, 2024.
             Slain by an orc wizard
             ... wielding a +0 dagger
              (3 damage)
             ... on level 6 of the Dungeon.
             The game lasted 00:07:38 (3750 turns).

timneilson the Ruffian (Octopode Shapeshifter)      Turns: 3750, Time: 00:07:39

Health: -2/46      AC:  1    Str: 15    XL:     7   Next: 49%
Magic:  7/7        EV: 12    Int: 12    God:
Gold:   304        SH: 11    Dex: 12    Spells: 6/6 levels left

rFire   . .          .
                       - Unarmed
rCold   . . .        j - +3 kite shield
rNeg    . . .        (helmet currently unavailable)
rPois   +            (no amulet)
rElec   .            l - ring of poison resistance
rCorr   .            (no ring)
SInv    .            (no ring)
Will    .....        (no ring)
Stlth   +++          (no ring)
HPRegen 0.27/turn    (no ring)
MPRegen 0.10/turn    (no ring)
                     (no ring)

%: no passive effects
@: beast-form
A: beast (slay +2), almost no armour, amphibious, 8 rings, camouflage 1,
gelatinous body 1, (nimble swimmer 1), tentacles
a: Begin Untransformation


You were on level 6 of the Dungeon.
You were a hulking beast.
You visited 1 branch of the dungeon, and saw 6 of its levels.

You collected 304 gold pieces.

Inventory:

Missiles
 m - a curare-tipped dart (quivered)
Armour
 j - a +3 kite shield (worn)
Jewellery
 l - a ring of poison resistance (left tentacle)
Talismans
 b - a beast talisman (active)
 c - a flux talisman
Scrolls
 f - 6 scrolls of teleportation
Potions
 a - 3 potions of lignification
 d - 2 potions of ambrosia
 e - a potion of mutation
 g - a potion of enlightenment {unknown}
 i - a potion of resistance {unknown}
 k - 2 potions of berserk rage
 n - a potion of curing {unknown}
 o - 2 potions of invisibility {unknown}
 p - a potion of haste {unknown}
 q - a potion of cancellation {unknown}
 s - a potion of might {unknown}


   Skills:
 * Level 3.5 Fighting
 * Level 4.0 Dodging
 + Level 3.2 Stealth
 + Level 2.0 Shields
 * Level 4.6 Unarmed Combat
 * Level 4.3 Shapeshifting


You had 6 spell levels left.
You didn't know any spells.
Your spell library contained the following spells:

 Spells                   Type           Power      Damage    Failure   Level
 Shock                    Conj/Air       0%         1d3       73%         1
 Ensorcelled Hibernation  Hex/Ice        0%         N/A       86%         2
 Mercury Vapours          Alch/Air       0%         N/A       86%         2
 Fugue of the Fallen      Necr           0%         N/A       97%         3
 Mephitic Cloud           Conj/Alch/Air  0%         N/A       97%         3
 Ozocubu's Armour         Ice            0%         N/A       97%         3
 Swiftness                Air            0%         N/A       97%         3
 Airstrike                Air            0%         2d(0-16)  100%        4
 Anguish                  Hex/Necr       0%         N/A       100%        4
 Manifold Assault         Tloc           0%         N/A       100%        4
 Freezing Cloud           Conj/Ice/Air   0%         6-21      100%        5


Dungeon Overview and Level Annotations

Branches:
Dungeon (6/15)
 Temple: D:4-7

Altars:


Innate Abilities, Weirdness & Mutations

You are a hulking beast.
Your limbs bulge with bestial killing power. (Slay +2)
You cannot wear most types of armour.
You are amphibious.
You can wear up to eight rings at the same time.
Your skin changes colour to match your surroundings (Stealth+).
Your rubbery body absorbs attacks. (AC +1, EV +1)
((You are camouflaged when in or above water. (Stealth+)))
You have tentacles for arms and can constrict up to eight enemies at once.


Message History

You kill the orc!
You block the orc's attack. Something hits you.
The orc hits you with a +0 dagger.
You barely miss something. The orc hits you with a +0 dagger.
Something hits you. The orc closely misses you.
You tentacle-slap something. Your squeeze misses something.
The orc hits you with a +0 dagger. The orc misses you. Something hits you.
You block the orc's attack.
You tentacle-slap something but do no damage.
Your squeeze misses something. You block the orc's attack. x2
You block something's attack. The orc hits you with a +0 dagger.
* * * LOW HITPOINT WARNING * * *
You barely miss something.
Your tentacle-slap misses something.
The orc hits you with a +0 dagger.
* * * LOW HITPOINT WARNING * * *
You block the orc's attack. The orc hits you with a +0 dagger.
* * * LOW HITPOINT WARNING * * *
Something hits you.
* * * LOW HITPOINT WARNING * * *
You feel much better. Something hits you. The orc hits you with a +0 dagger.
You block the orc's attack. x2
You closely miss something. You squeeze something.
You block the orc's attack. x2
The orc closely misses you. You block something's attack.
You completely miss something. The orc completely misses you.
You block the orc's attack. The orc barely misses you. Something hits you.
You barely miss something. The orc hits you with a +0 dagger.
The orc closely misses you. Something hits you. You block the orc's attack.
You tentacle-slap something. Your squeeze misses something.
The orc hits you with a +0 dagger.
* * * LOW HITPOINT WARNING * * *
The orc hits you with a +0 whip.
* * * LOW HITPOINT WARNING * * *
The orc barely misses you. Something hits you.
* * * LOW HITPOINT WARNING * * *
The orc hits you with a +0 dagger.
* * * LOW HITPOINT WARNING * * *
The orc barely misses you. The orc hits you with a +0 dagger.
* * * LOW HITPOINT WARNING * * *
Something hits you.
You die...

.............##......
.............##.........
.............##....^....
.................#.....#
......##.<.......#.....#
#.....##.........#.....#
......#..............##
.............##.oo....#
.............##.h{....#
......##..###.)o......
........... #.........
............#.........
#....................
..... ...###..... ...#
..... .##. .....


You could see 3 orcs.

Vanquished Creatures
  A black bear (D:5)
  A kobold brigand (D:4)
  A bullfrog (D:6)
  A howler monkey (D:4)
  2 jellies (D:6)
  2 orc wizards
  2 iguanas (D:5)
  6 adders
  A white imp (D:5)
  2 dart slugs
  A ribbon worm (D:3)
  9 orcs
  4 ball pythons
  4 bats
  9 endoplasms
  A giant cockroach (D:4)
  A hobgoblin (D:1)
  6 jackals
  6 quokkas
  4 frilled lizards
  8 goblins
  4 kobolds
  4 rats
80 creatures vanquished.

Notes
Turn   | Place    | Note
-------+----------+-------------------------------------------
     0 | D:1      | timneilson the Octopode Shapeshifter began the quest for
                  | the Orb.
     0 | D:1      | Reached XP level 1. HP: 13/13 MP: 1/1
    15 | D:1      | Noticed an electric eel
    96 | D:1      | Reached XP level 2. HP: 18/18 MP: 2/2
   261 | D:1      | Reached skill level 1 in Stealth
   558 | D:1      | Reached XP level 3. HP: 22/23 MP: 3/3
   927 | D:2      | Reached XP level 4. HP: 23/29 MP: 4/4
  1285 | D:2      | You fall into a shaft and drop 2 floors!
  1296 | D:4      | Reached XP level 5. HP: 32/34 MP: 5/5
  1296 | D:4      | Noticed a kobold brigand
  1309 | D:4      | Killed a kobold brigand
  1310 | D:4      | Reached skill level 1 in Shields
  1861 | D:3      | Reached XP level 6. HP: 41/41 MP: 6/6
  2144 | D:3      | Identified the +5 plate armour of Foaderi {rCorr Stlth+}
  2971 | D:5      | Entered Level 5 of the Dungeon
  3207 | D:5      | Noticed a black bear
  3216 | D:5      | Killed a black bear
  3216 | D:5      | HP: 2/42 [iguana (13)]
  3217 | D:5      | Reached XP level 7. HP: 2/46 MP: 7/7
  3745 | D:6      | HP: 2/46 [something (4)]
  3750 | D:6      | HP: 1/46 [orc/+0 dagger (2)]
  3750 | D:6      | Slain by an orc wizard

Illustrated notes

Levels and vault maps discovered:
D:1:      arrival_aquarium_a, layout_loops_ring, glass_columns_a
D:2:      minmay_inner_zag, layout_loops_cross
D:3:      layout_basic
D:4:      layout_loops_ring
D:5:      layout_basic
D:6:      layout_basic, minmay_temple_entry_enclosed_plants,
          nrook_pool_corridor, uniq_grinder, uniq_menkaure, uniq_eustachio

Skill      XL: |  1  2  3  4  5  6  7 |
---------------+----------------------+-----
Stealth        | 1 2 3 |  3.2
Fighting       | 2 3 |  3.5
Dodging        | 3 4 |  4.0
Shields        | 1 2 |  2.0
Unarmed Combat | 4 |  4.6
Shapeshifting  | 4 |  4.3

Action                     |  1- 3 |  4- 6 |  7- 9 || total
---------------------------+-------+-------+-------++-------
  Melee: Unarmed           |    43 |   102 |    34 ||   179
         Constrict         |    11 |    20 |     6 ||    37
         Tentacles         |     6 |    18 |     8 ||    32
         Punch             |     2 |     6 |       ||     8
  Throw: Dart              |       |       |     1 ||     1
    Use: Scroll            |     5 |     3 |     2 ||    10
         Potion            |       |       |     2 ||     2
   Stab: Sleeping          |     8 |    11 |     2 ||    21
 Armour: Skin              |    11 |    31 |    31 ||    73
  Dodge: Dodged            |    11 |    40 |    17 ||    68
  Block: Kite shield       |     5 |    38 |    20 ||    63

Table legend: (Time is in decaauts)
 A = Elapsed time spent in this place.
 B = Non-inter-level travel time spent in this place.
 C = Inter-level travel time spent in this place.
 D = Time resting spent in this place.
 E = Time spent auto-exploring this place.
 F = Levels seen in this place.
 G = Mean time per level.
                   A        B        C        D        E       F      G
               +--------+--------+--------+--------+--------+-----+--------+
         Total |   3769 |   3631 |    138 |    197 |   2586 |   6 |  628.2 |
       Dungeon |   3769 |   3631 |    138 |    197 |   2586 |   6 |  628.2 |
               +--------+--------+--------+--------+--------+-----+--------+

Top non-repeatable levels by time:
     D:2: 900 daAuts
     D:5: 711 daAuts
     D:4: 695 daAuts
     D:3: 694 daAuts
     D:1: 693 daAuts
     D:6: 73 daAuts
